 Dungeon Crawl Stone Soup version 0.31.0-32-g396128a36d (webtiles) character file.

Game seed: 11770639044253958445

18540 spaghetti the Grappler (level 12, -3/180 HPs)
             Began as a Naga Berserker on Mar 24, 2024.
             Was a Priest of Trog.
             Slain by a hell hound (5 damage)
             ... led by Azrael
             ... on level 12 of the Dungeon.
             The game lasted 00:16:08 (13689 turns).

spaghetti the Grappler (Naga Berserker)            Turns: 13689, Time: 00:16:09

Health: -3/180     AC:  6    Str: 21    XL:     12   Next: 59%
Magic:  21/21      EV: 10    Int:  8    God:    Trog [***...]
Gold:   438        SH: 16    Dex: 16    Spells: 11/11 levels left

rFire   . .          .
                       - Unarmed
rCold   . . .        n - +0 tower shield
rNeg    . . .        b - +1 animal skin
rPois   +            (no helmet)
rElec   .            (no cloak)
rCorr   .            (no gloves)
SInv    +            (no barding)
Will    +....        (no amulet) Stlth
                     d - +4 ring of slaying
HPRegen 0.50/turn    B - ring "Gapsaemp" {MP+9 Dex+2 Slay+2}
MPRegen 0.17/turn

%: no passive effects
@: berserking (expiring), quick
A: AC +4, large, see invisible, deformed body, poison resistance, slowness 2,
spit poison 2, naga tail 1, inability to read after injury 1
a: Breathe Poison Gas, Renounce Religion, Berserk, Trog's Hand


You were on level 12 of the Dungeon.
You worshipped Trog.
Trog was most pleased with you.
You visited 1 branch of the dungeon, and saw 12 of its levels.

You collected 917 gold pieces.
You spent 479 gold pieces at shops.

Inventory:

Hand Weapons
 a - a +0 falchion
 e - a +1 hand axe of electrocution
 j - a +1 dagger of venom
Missiles
 c - 23 poisoned darts
 p - 7 throwing nets
Armour
 b - a +1 animal skin (worn)
 n - a +0 tower shield (worn)
Jewellery
 d - a +4 ring of slaying (left hand)
 t - a ring of flight
 B - the ring "Gapsaemp" (right hand) {MP+9 Dex+2 Slay+2}
   (You bought it in a shop on level 8 of the Dungeon)

   [ring of magical power]

   Dex+2:     It affects your dexterity (+2).
   Slay+2:    It affects your accuracy & damage with ranged weapons and melee
   (+2).
   MP+9:      It affects your magic capacity (+9).
 E - an amulet of magic regeneration
 G - a +4 ring of protection
 L - a +4 ring of protection
Wands
 f - a wand of paralysis (7)
 o - a wand of roots (5)
 w - a wand of quicksilver (9)
 A - a wand of polymorph (9)
 J - a wand of flame (9)
Scrolls
 g - 2 scrolls of noise
 h - a scroll of revelation
 k - 4 scrolls of fog
 u - 4 scrolls of enchant weapon
 y - 3 scrolls of enchant armour
 C - 3 scrolls of amnesia
 H - a scroll of poison
 P - a scroll of torment {unknown}
Potions
 i - a potion of curing
 m - a potion of degeneration
 q - a potion of attraction
 v - a potion of cancellation
 z - a potion of resistance
 D - a potion of brilliance
 F - 2 potions of enlightenment
 N - a potion of mutation
Miscellaneous
 O - a box of beasts


   Skills:
 + Level 11.3 Fighting
 - Level 4.0 Long Blades
 + Level 6.0 Armour
 + Level 5.9 Dodging
 + Level 9.3 Shields
 + Level 13.2 Unarmed Combat


You had 11 spell levels left.
You didn't know any spells.
Your spell library was empty.

Dungeon Overview and Level Annotations

Branches:
Dungeon (12/15)            Temple (0/1) D:5            Lair (0/5) D:10
    Orc (0/2) D:11

Altars:
Elyvilon
Okawaru
Qazlal
Uskayaw
Vehumet
Wu Jian
Yredelemnul

Shops:
D:3 ?=:?   D:8 =   D:10 ?   D:11 :

Annotations:
D:6 3 runed translucent doors, mitya21's ghost, novice DsSh
D:12 Azrael


Innate Abilities, Weirdness & Mutations

Your serpentine skin is tough. (AC +4)
You have supernaturally acute eyesight. (SInv)
Armour fits poorly on your strangely shaped body.
Your system is resistant to poisons. (rPois)
You cover ground very slowly.
You can exhale a cloud of poison.
You have a snake-like lower body.
You occasionally lose the ability to read scrolls when taking damage.


Message History

Azrael is moderately wounded.
The fire elemental hits you. The fire elemental burns you!
The hell hound bites you! You block Azrael's attack.
You punch Azrael!
Azrael is moderately wounded.
The hell hound bites you but does no damage.
The fire elemental hits you. The fire elemental burns you!
You hit Azrael.
Azrael is heavily wounded.
You block the hell hound's attack. The fire elemental hits you.
The fire elemental burns you!
Azrael hits you with a +4 scimitar of flaming!
* * * LOW HITPOINT WARNING * * *
Azrael burns you.
* * * LOW HITPOINT WARNING * * *
The hell hound bites you.
* * * LOW HITPOINT WARNING * * *
You pummel Azrael!!
Azrael is severely wounded.
The fire elemental hits you. The fire elemental burns you!
* * * LOW HITPOINT WARNING * * *
You block Azrael's attack. You block the hell hound's attack.
You punch Azrael!
Azrael is severely wounded.
You block the fire elemental's attack. You block the hell hound's attack.
You barely miss Azrael.
Azrael is severely wounded.
Azrael hits you with a +4 scimitar of flaming!
* * * LOW HITPOINT WARNING * * *
Azrael burns you.
* * * LOW HITPOINT WARNING * * *
You block the fire elemental's attack. The hell hound closely misses you.
Unknown command.
Unknown command.
You punch Azrael!
Azrael is almost dead.
The fire elemental hits you. The fire elemental burns you!
* * * LOW HITPOINT WARNING * * *
Azrael barely misses you. The hell hound bites you.
You die...

#+###.[##..##..##..#
..#....#...........##
..#.>..#............#
#.###..###'###.##...#
#####..###.##########
#...................#
#...................#
...............hR..##
....#...##..##.E@..^#
##########..##......#
#...######'##
#...#....†(.#
#...#.......# ##
#########


You could see Azrael, a fire elemental and a hell hound.

Vanquished Creatures
  Harold (D:11)
  3 two-headed ogres
  3 death yaks (D:10)
  Lodul (D:12)
  A deep elf pyromancer (D:12)
  2 manticores
  Maurice (D:11)
  An unseen horror (D:10)
  A komodo dragon (D:12)
  Psyche (D:10)
  9 trolls
  4 slime creatures (D:12)
  2 shadows
  7 yaks
  2 vampires
  Eustachio (D:6)
  A basilisk (D:12)
  4 fire elementals (D:12)
  Grum (D:9)
  3 vampire mosquitoes (D:11)
  A water moccasin (D:9)
  An acid dragon (D:12)
  Duvessa (D:4)
  A hell hound (D:12)
  4 black bears
  6 orc warriors
  A sky beast (D:6)
  10 ogres (D:12)
  2 wolves (D:9)
  3 centaurs
  2 kobold brigands
  3 phantoms
  3 bullfrogs
  A gnoll sergeant (D:4)
  A scorpion (D:6)
  9 wights
  Dowan (D:4)
  21 killer bees
  A howler monkey (D:12)
  A bombardier beetle (D:7)
  2 gnoll boudas
  A hound (D:5)
  9 orc priests
  2 jellies
  3 iguanas
  11 orc wizards
  A hell rat (D:10)
  18 gnolls
  7 adders
  A shadow imp (D:7)
  3 white imps
  6 ufetubi
  A ribbon worm (D:2)
  56 orcs
  5 bats
  7 endoplasms
  4 giant cockroaches
  10 goblins
  6 hobgoblins
  4 jackals
  4 quokkas
  10 ball pythons
  2 frilled lizards (D:3)
  12 kobolds
  4 rats
  A spectral hobgoblin (D:3)
312 creatures vanquished.

Notes
Turn   | Place    | Note
-------+----------+-------------------------------------------
     0 | D:1      | spaghetti the Naga Berserker began the quest for the Orb.
     0 | D:1      | Reached XP level 1. HP: 21/21 MP: 1/1
   220 | D:1      | Reached XP level 2. HP: 20/28 MP: 2/2
   566 | D:1      | Reached XP level 3. HP: 36/36 MP: 3/3
  1243 | D:2      | Reached XP level 4. HP: 21/45 MP: 4/4
  1732 | D:3      | Found Qeruu's Book Shop.
  1769 | D:3      | Found a faded altar of an unknown god.
  1800 | D:3      | Reached ** piety under Trog
  1805 | D:3      | Found an ornate altar of the Wu Jian Council.
  1943 | D:3      | Found Joith's Jewellery Emporium.
  2104 | D:3      | Found Faivas's Magic Scroll Boutique.
  2111 | D:3      | Bought 2 scrolls of identify for 44 gold pieces
  2198 | D:3      | Reached XP level 5. HP: 51/51 MP: 5/5
  2326 | D:3      | Found Niul's Magic Scroll Shop.
  2498 | D:4      | Reached skill level 5 in Fighting
  2747 | D:4      | Identified the +6 hand axe of Callousness {flame, *Slow
                  | rElec rPois Str-2}
  2876 | D:4      | Noticed Duvessa
  2876 | D:4      | Noticed Dowan
  2885 | D:4      | Killed Duvessa
  2886 | D:4      | Reached skill level 1 in Shields
  2886 | D:4      | Reached skill level 2 in Unarmed Combat
  2886 | D:4      | Reached XP level 6. HP: 9/61 MP: 6/6
  2903 | D:4      | Killed Dowan
  2992 | D:4      | Reached skill level 3 in Unarmed Combat
  3276 | D:5      | Entered Level 5 of the Dungeon
  3436 | D:5      | Reached XP level 7. HP: 36/68 MP: 7/7
  3596 | D:5      | Found a basalt altar of Yredelemnul.
  3600 | D:5      | Found a white marble altar of Elyvilon.
  3601 | D:5      | Found a hide-covered altar of Uskayaw.
  3680 | D:5      | Reached skill level 4 in Unarmed Combat
  4046 | D:5      | Reached skill level 5 in Unarmed Combat
  4137 | D:5      | Found a staircase to the Ecumenical Temple.
  4313 | D:5      | Reached XP level 8. HP: 52/78 MP: 8/8
  4440 | D:5      | Found a radiant altar of Vehumet.
  4718 | D:6      | Reached skill level 6 in Unarmed Combat
  4776 | D:6      | Reached skill level 7 in Unarmed Combat
  5134 | D:6      | Reached skill level 5 in Shields
  5144 | D:6      | Reached skill level 8 in Unarmed Combat
  5144 | D:6      | Reached XP level 9. HP: 49/87 MP: 9/9
  5164 | D:6      | Noticed Eustachio
  5313 | D:6      | Killed Eustachio
  5668 | D:6      | Found a runed translucent gate.
  5668 | D:6      | Found a runed translucent gate.
  5668 | D:6      | Found a runed translucent gate.
  5668 | D:6      | Noticed mitya21's ghost (novice DsSh)
  5668 | D:6      | Noticed a kobold demonologist
  5970 | D:7      | Reached skill level 9 in Unarmed Combat
  6616 | D:7      | Noticed a troll
  6630 | D:7      | Killed a troll
  6804 | D:7      | Reached skill level 10 in Unarmed Combat
  7238 | D:8      | Reached *** piety under Trog
  7684 | D:8      | Found Lueqez's Jewellery Shop.
  7691 | D:8      | Reached XP level 10. HP: 85/99 MP: 10/10
  7759 | D:8      | Bought the ring "Gapsaemp" {MP+9 Dex+2 Slay+2} for 435 gold
                  | pieces
  7827 | D:8      | Found a stormy altar of Qazlal.
  8127 | D:9      | Noticed Grum
  8135 | D:9      | Killed Grum
  8537 | D:9      | Found an iron altar of Okawaru.
  8629 | D:9      | Reached skill level 11 in Unarmed Combat
  8792 | D:9      | Noticed a two-headed ogre
  8800 | D:9      | Killed a two-headed ogre
  9077 | D:9      | Gained mutation: You occasionally lose the ability to read
                  | scrolls when taking damage. [potion of mutation]
  9077 | D:9      | Gained mutation: You can exhale a cloud of poison. [potion
                  | of mutation]
  9394 | D:10     | Entered Level 10 of the Dungeon
  9465 | D:10     | Noticed a death yak
  9466 | D:10     | Noticed a death yak
  9467 | D:10     | Found a staircase to the Lair.
  9467 | D:10     | Noticed a death yak
  9475 | D:10     | Killed a death yak
  9476 | D:10     | Reached skill level 10 in Fighting
  9476 | D:10     | Reached XP level 11. HP: 100/108 MP: 11/11
  9486 | D:10     | Killed a death yak
  9487 | D:10     | Reached skill level 12 in Unarmed Combat
  9871 | D:10     | Killed a death yak
  9905 | D:10     | Found Ruap's Magic Scroll Shop.
 10484 | D:10     | Noticed Psyche
 10491 | D:10     | Killed Psyche
 10642 | D:11     | Noticed Harold
 10866 | D:11     | Noticed Maurice
 10869 | D:11     | Maurice stole a +4 ring of protection
 10870 | D:11     | Maurice stole 4 throwing nets
 10872 | D:11     | Maurice stole a +1 hand axe of electrocution
 10873 | D:11     | Maurice stole 185 gold
 10876 | D:11     | Killed Maurice
 10881 | D:11     | Killed Harold
 11278 | D:11     | Noticed a two-headed ogre
 11288 | D:11     | Killed a two-headed ogre
 11298 | D:11     | Reached skill level 5 in Armour
 11549 | D:11     | Found a staircase to the Orcish Mines.
 11555 | D:11     | Noticed a manticore
 11563 | D:11     | Killed a manticore
 11564 | D:11     | Reached skill level 5 in Dodging
 11712 | D:11     | Found Oteuce's Book Shoppe.
 12202 | D:12     | Noticed a deep elf pyromancer
 12212 | D:12     | Reached XP level 12. HP: 101/118 MP: 12/12
 12566 | D:12     | Noticed Azrael
 12585 | D:12     | Noticed a two-headed ogre
 12832 | D:12     | Reached skill level 13 in Unarmed Combat
 12840 | D:12     | Noticed Lodul
 12849 | D:12     | Killed Lodul
 12920 | D:12     | Killed a two-headed ogre
 13689 | D:12     | HP: 2/180 [fire elemental[Azrael] (11)]
 13689 | D:12     | Slain by a hell hound

Illustrated notes

Levels and vault maps discovered:
D:1:      shiori_arrival_oz, layout_loops_ring, minmay_hexomino_p4
D:2:      layout_loops_ring
D:3:      layout_basic, nicolae_overflow_crystal_walls,
          dreamdust_ecumenical_altar_drowned_temple, serial_shops,
          nicolae_book_shop_shelving, nicolae_shop_stone, shop,
          nicolae_shop_back_alley_shop, portal_sewer_entry_e, nrook_campfire,
          minmay_checkerbox
D:4:      layout_basic, uniq_duvessa
D:5:      layout_loops_ring, gammafunk_temple_overflow_forgotten,
          nicolae_vehumet_radiance, temple_fountains
D:6:      layout_rooms, gammafunk_ghost_nasty_kobolds, minmay_misc_feat_doors,
          uniq_eustachio
D:7:      layout_rooms, chequers_mini_garden
D:8:      layout_basic, nicolae_qazlal_eye_of_the_storm, serial_shops, shop
D:9:      layout_loops_ring, okawaru_altar_gauntlet_db, uniq_grum
D:10:     layout_cave_pods, dpeg_lair_monsters, serial_shops,
          nicolae_shop_gibbet_a_chance, uniq_psyche
D:11:     layout_cave_pods, orc_0_dummy, serial_shops, shop, uniq_maurice,
          uniq_harold
D:12:     layout_gridville, special_room [special_room_orc], uniq_lodul,
          uniq_nessos, uniq_azrael

Skill      XL: |  1  2  3  4  5  6  7  8  9 10 11 12 |
---------------+-------------------------------------+-----
Fighting       | 4 5 6 7 9 10 11 | 11.3
Long Blades    | 4 |  4.0
Shields        | 1 2 3 5 6 7 8 9 |  9.3
Unarmed Combat | 2 3 5 8 10 11 12 13 | 13.2
Armour         | 3 5 6 |  6.0
Dodging        | 3 5 |  5.9

Action                     |  1- 3 |  4- 6 |  7- 9 | 10-12 || total
---------------------------+-------+-------+-------+-------++-------
  Melee: Falchion          |    51 |       |       |       ||    51
         Hand axe          |    29 |       |       |       ||    29
         Punch             |     1 |     1 |       |       ||     2
         Dagger            |    13 |   114 |   326 |       ||   453
         Unarmed           |       |       |    37 |   388 ||   425
 Invoke: Berserk           |       |     4 |    11 |    18 ||    33
         Trog's Hand       |       |     1 |     7 |    10 ||    18
Ability: Spit Poison       |       |       |     1 |     2 ||     3
         Breathe Poison Ga |       |       |       |     8 ||     8
  Evoke: Box of beasts     |       |       |       |     1 ||     1
    Use: Potion            |       |    11 |     1 |    10 ||    22
         Scroll            |       |     8 |     6 |    10 ||    24
   Stab: Invisible         |       |     2 |       |       ||     2
         Sleeping          |       |       |     1 |       ||     1
 Armour: Animal skin       |    53 |    87 |   362 |   277 ||   779
         Skin              |       |     9 |       |    14 ||    23
  Dodge: Dodged            |    51 |    41 |   127 |   112 ||   331
  Block: Tower shield      |       |    44 |   488 |   425 ||   957
